 Dungeon Crawl Stone Soup version 0.25-a0-279-g53730b6a6f (webtiles) character file.

Game seed: 13529170614519341348, levelgen mode: deterministic

1644 MoonlitKnight the Grappler (level 8, -3/80 HPs)
             Began as a Troll Berserker on Dec 10, 2019.
             Was an Elder of Trog.
             Slain by an ogre
             ... wielding a +0 giant club
              (28 damage)
             ... on level 6 of the Dungeon.
             The game lasted 00:14:26 (5080 turns).

MoonlitKnight the Grappler (Troll Berserker)        Turns: 5080, Time: 00:14:26

Health: -3/80      AC:  8    Str: 28    XL:     8   Next: 67%
Magic:  7/7        EV: 11    Int:  3    God:    Trog [****..]
Gold:   179        SH:  0    Dex: 11    Spells: 7/7 levels left

rFire    . . .     SeeInvis .     - Unarmed
rCold    . . .     Gourm    +   (no shield)
rNeg     . . .     Faith    .   a - +0 animal skin
rPois    .         Spirit   .   t - +2 hat
rElec    .         Reflect  .   (no cloak)
rCorr    .         Harm     .   (gloves unavailable)
MR       +....                  (boots unavailable)
Stlth    +.........             E - amulet of regeneration
HPRegen  1.03/turn              c - +2 ring of dexterity
MPRegen  0.10/turn              s - ring of protection from magic

@: berserk cooldown, slowed, lightly drained, very slow
A: large, unfitting armour, claws 3, fast metabolism 3, gourmand, regeneration
1, shaggy fur 1, tough skin 3
a: Berserk, Trog's Hand, Brothers in Arms, Renounce Religion


You were on level 6 of the Dungeon.
You worshipped Trog.
Trog was greatly pleased with you.
You were very full.

You visited 1 branch of the dungeon, and saw 6 of its levels.
You also visited: Sewer and Ossuary.

You collected 179 gold pieces.

Inventory:

Missiles
 h - 131 stones
 i - 16 poisoned darts (quivered)
Armour
 a - a +0 animal skin (worn)
 t - a +2 hat (worn)
Jewellery
 c - a +2 ring of dexterity (left claw)
 n - a +3 ring of intelligence
 o - an uncursed ring of protection from cold
 s - a ring of protection from magic (right claw)
 E - an amulet of regeneration (around neck)
Scrolls
 e - 6 scrolls of remove curse
 k - 3 scrolls of teleportation
 m - a scroll of immolation {unknown}
 p - a scroll of blinking
 q - 3 scrolls of enchant armour
 y - a scroll of amnesia
 z - a scroll of magic mapping {unknown}
 C - a scroll of acquirement {unknown}
Potions
 d - 3 potions of flight
 f - 3 potions of berserk rage
 g - 4 potions of lignification
 j - 8 potions of agility
 l - 2 potions of might {unknown}
 r - 8 potions of heal wounds
 v - 6 potions of curing
 w - 4 potions of brilliance
 x - 2 potions of haste
 A - a potion of ambrosia {unknown}
 B - 2 potions of mutation {unknown}
Comestibles
 b - 13 rations
 u - 2 chunks of flesh


   Skills:
 + Level 5.2(4.6) Fighting
 + Level 5.1(4.6) Dodging
 * Level 8.5(7.9) Unarmed Combat


You had 7 spell levels left.
You didn't know any spells.
Your spell library was empty.

Dungeon Overview and Level Annotations

Branches:
Dungeon (6/15)             Temple (0/1) D:4           Sewer (visited)
Ossuary (visited)

Altars:
Ashenzari
Dithmenos
Fedhas
Ru
Trog
Zin

Shops:
D:4 =


Innate Abilities, Weirdness & Mutations

You are too large for most types of armour.
You have claws for hands.
Your metabolism is lightning-fast.
You like to eat raw meat.
Your natural rate of healing is unusually fast.
You are covered in fur. (AC +1)
You have extremely tough skin. (AC +3)


Message History

The orc hits you with a +0 mace.
You scratch the orc.
You kill the orc!
Trog accepts your kill.
An ogre comes into view. It is wielding a +0 giant club.
Things that are here:
a +0 dagger; a +0 robe; an orc corpse You butcher the orc corpse.
Items here: % ) [ ÷ a +0 dagger; a +0 robe; 3 chunks of flesh; an orc skeleton You see here a +0 mace.
You are too injured to fight recklessly!
The ogre hits you with a +0 giant club!!
* * * LOW HITPOINT WARNING * * *
Items here: ( )) † a +0 club; 2 silver boomerangs; a cursed -3 trident; an orc corpse The ogre misses you.
The ogre closely misses you.
The ogre hits you with a +0 giant club!!
You die...

.########.# .#
#.###### .#
#.#....# .###
#.#....# ...#
#.#....# ...#
#.#....# ...##
#.#....# ....#
#.#....#### ....#
#......'@.# ....#
###....##O# #####
#....##.#+#######
#######..........
#..........
#######).).......
......)).........
......))[........
.................


You could see an ogre.

Vanquished Creatures
  A wraith (Ossuary)
  An ice beast (D:6)
  An orc warrior (D:4)
  A sky beast (D:5)
  A necrophage (D:5)
  A centaur (D:6)
  A bullfrog (D:6)
  A big kobold (Sewer)
  A scorpion (D:4)
  5 wights (D:6)
  A howler monkey (D:5)
  2 crimson imps
  A hound (D:5)
  A bullfrog skeleton (D:6)
  A bullfrog zombie (D:6)
  A centaur skeleton (D:5)
  2 orc wizards
  3 worker ants (D:5)
  3 mummies (Ossuary)
  A gnoll (D:1)
  6 adders
  5 river rats (Sewer)
  A shadow imp (D:5)
  An adder zombie (D:6)
  2 worms
  A dart slug (D:3)
  3 leopard geckos
  18 orcs
  11 ball pythons
  6 giant cockroaches
  A gnoll zombie (Ossuary)
  8 goblins
  2 hobgoblins (D:1)
  7 jackals
  2 quokkas
  7 bats
  2 frilled lizards
  2 goblin zombies (Ossuary)
  2 hobgoblin zombies (Ossuary)
  2 jackal zombies (D:5)
  21 kobolds
  2 kobold zombies (Ossuary)
  A leopard gecko zombie (D:6)
  A quokka skeleton (D:5)
  27 rats
171 creatures vanquished.

Notes
Turn   | Place    | Note
-------+----------+-------------------------------------------
     0 | D:1      | MoonlitKnight the Troll Berserker began the quest for the
                  | Orb.
     0 | D:1      | Reached XP level 1. HP: 22/22 MP: 0/0
    38 | D:1      | Reached XP level 2. HP: 28/29 MP: 1/1
   404 | D:1      | HP: 1/29 [gnoll/+0 flail (10)]
   407 | D:1      | Reached XP level 3. HP: 3/36 MP: 2/2
   746 | D:2      | Found a faded altar of an unknown god.
  1008 | D:2      | Reached ** piety under Trog
  1051 | D:2      | Found a blossoming altar of Fedhas.
  1513 | D:3      | Reached skill level 4 in Unarmed Combat
  1557 | D:3      | Reached XP level 4. HP: 44/44 MP: 3/3
  2109 | D:3      | Found a glowing drain.
  2113 | Sewer    | Entered a sewer
  2156 | Sewer    | Noticed a big kobold
  2168 | Sewer    | Killed a big kobold
  2168 | Sewer    | Reached XP level 5. HP: 37/53 MP: 4/4
  2317 | Sewer    | Reached skill level 5 in Unarmed Combat
  2324 | Sewer    | Reached *** piety under Trog
  2870 | D:4      | Reached XP level 6. HP: 59/61 MP: 5/5
  2902 | D:4      | Found Evoifexi's Jewellery Shoppe.
  3038 | D:4      | Found a sand-covered staircase.
  3053 | D:4      | Found a shattered altar of Ashenzari.
  3062 | Ossuary  | Entered an ossuary
  3062 | Ossuary  | Noticed a wraith
  3062 | Ossuary  | Noticed a wraith
  3062 | Ossuary  | Noticed a wraith
  3345 | Ossuary  | Reached **** piety under Trog
  3380 | Ossuary  | Noticed a wraith
  3387 | Ossuary  | Killed a wraith
  3387 | Ossuary  | Reached skill level 6 in Unarmed Combat
  3387 | Ossuary  | Reached XP level 7. HP: 48/68 MP: 6/6
  3908 | D:4      | Found a staircase to the Ecumenical Temple.
  3989 | D:5      | Entered Level 5 of the Dungeon
  4032 | D:5      | Reached skill level 7 in Unarmed Combat
  4096 | D:5      | Found a glowing silver altar of Zin.
  4099 | D:5      | Found a bloodstained altar of Trog.
  4103 | D:5      | Found a shadowy altar of Dithmenos.
  4107 | D:5      | Reached XP level 8. HP: 79/79 MP: 7/7
  4291 | D:5      | Found a sacrificial altar of Ru.
  4669 | D:6      | Reached skill level 8 in Unarmed Combat
  4674 | D:6      | Reached skill level 5 in Fighting
  4676 | D:6      | Reached skill level 5 in Dodging
  5080 | D:6      | Slain by an ogre

Levels and vault maps discovered:
D:1:      scummos_arrival_simple_crosswalls, layout_loops_ring
D:2:      layout_basic, chequers_ecumenical_altar_island, fedhas_altar_3
D:3:      layout_loops_ring, gup_sewer_entry_bowl, roderic_st_hans_cross,
          minmay_strange_pillars, minmay_shallow_snake_nest
D:4:      layout_basic, minmay_temple_entry_enclosed_plants,
          nicolae_ossuary_entry_monument, serial_shops, shop,
          evilmike_ruin_ashenzari
D:5:      layout_rooms, grunt_temple_overflow_open, first_ration, basic_altar
D:6:      layout_basic

Skill      XL: |  1  2  3  4  5  6  7  8 |
---------------+-------------------------+-----
Unarmed Combat | 4 5 6 7 8 |  8.5
Fighting       | 3 4 5 |  5.2
Dodging        | 3 4 5 |  5.1

Action                   |  1- 3 |  4- 6 |  7- 9 || total
-------------------------+-------+-------+-------++-------
Melee: Unarmed           |    92 |   225 |   138 ||   455
       Punch             |       |     3 |     3 ||     6
Invok: Berserk           |       |     2 |     3 ||     5
       Trog's Hand       |       |       |     2 ||     2
  Use: Scroll            |       |     7 |     8 ||    15
       Potion            |       |       |     1 ||     1
  Eat: Chunk             |    20 |    17 |    20 ||    57
Armor: Animal skin       |    51 |   114 |    55 ||   220
Dodge: Dodged            |    46 |   150 |    79 ||   275

Table legend:
 A = Non-vault XP
 B = Vault XP
 C = Vault XP percentage of total XP
 D = Non-vault monster count
 E = Vault monster count
 F = Vault count percentage of total count
                 A         B        C        D         E       F
            +---------+---------+-------+---------+---------+-------
      Total |    1815 |     534 |  22.7 |     104 |      67 |  39.2
            +---------+---------+-------+---------+---------+-------
        D:1 |      54 |       0 |   0.0 |      24 |       0 |   0.0
        D:2 |      16 |       0 |   0.0 |      10 |       0 |   0.0
        D:3 |      60 |      27 |  31.0 |      15 |       8 |  34.8
        D:4 |     271 |       0 |   0.0 |      11 |       0 |   0.0
        D:5 |     573 |       0 |   0.0 |      18 |       0 |   0.0
        D:6 |     841 |       0 |   0.0 |      26 |       0 |   0.0
      Sewer |       0 |     221 | 100.0 |       0 |      48 | 100.0
    Ossuary |       0 |     286 | 100.0 |       0 |      11 | 100.0
            +---------+---------+-------+---------+---------+-------
